Map: Terraform LE (Void)

Players

KiFirE

  • Race: Protoss Protoss
  • League: Master

Bobby (TheStC) - Winner!

  • Race: Terran Terran
  • League: Master

Event: Lycan League Weekly August #3

VOD

Have the link to the VOD?

Description

Time

  • Played on: Aug. 17, 2015, 12:38 p.m.
  • Length: 8:40

All games in this series

Show
View Real Time Build Order
Export as new Build Order

KiFirE Protoss 

Build Orders: Oracle Opening 

Get SALT Encoding   

  12  0:00  Probe  
  13  0:15  Pylon  
  13  0:17  Probe  
  14  0:33  Gateway  
  14  0:35  Probe (Chrono Boost)  
  14  0:41  Assimilator  
  15  0:48  Probe (Chrono Boost)  
  16  0:51  Assimilator  
  16  0:56  Probe (Chrono Boost)  
  17  1:02  Pylon  
  17  1:05  Probe (Chrono Boost)  
  18  1:17  Probe (Chrono Boost)  
  19  1:21  Cybernetics Core  
  19  1:26  Probe (Chrono Boost)  
  20  1:38  Probe (Chrono Boost)  
  22  1:47  Probe (Chrono Boost)  
  22  1:55  Probe  
  22  1:57  Adept  
  22  1:59  Warp Gate  
  25  2:07  Mothership Core (Chrono Boost)  
  27  2:18  Stargate  
  27  2:22  Probe (Chrono Boost)  
  28  2:29  Adept  
  30  2:30  Pylon  
  30  2:56  Nexus  
  30  3:05  Probe (Chrono Boost)  
  31  3:09  Oracle (Chrono Boost)  
  34  3:15  Probe (Chrono Boost)  
  35  3:20  Forge  
  35  3:29  Pylon  
  35  3:31  Probe  
  36  3:51  Gateway  
  36  3:54  Gateway  
  36  3:57  Photon Cannon  
  36  4:01  Probe (Chrono Boost)  
  36  4:20  Adept  
  31  4:30  Probe (Chrono Boost)  
  31  4:39  Probe (Chrono Boost)  
  31  4:41  Probe (Chrono Boost)  
  32  5:07  Stalker, Adept x2  
  32  5:16  Probe x2  
  34  5:22  Robotics Facility  
  34  5:26  Adept x2  
  34  5:27  Adept  
  38  5:37  Probe (Chrono Boost)  
  40  5:43  Probe (Chrono Boost)  
  40  5:45  Pylon  
  40  5:47  Probe (Chrono Boost)  
  40  5:49  Pylon  
  43  5:54  Mothership Core (Chrono Boost)  
  43  5:55  Stalker  
  45  6:04  Probe (Chrono Boost)  
  46  6:09  Observer (Chrono Boost)  
  47  6:11  Probe (Chrono Boost)  
  47  6:13  Probe (Chrono Boost)  
  48  6:22  Photon Cannon  
  48  6:23  Probe (Chrono Boost)  
  50  6:28  Probe (Chrono Boost), Robotics Bay  
  50  6:31  Observer (Chrono Boost)  
  50  6:32  Probe (Chrono Boost)  
  52  6:46  Probe x2 (Chrono Boost)  
  54  6:48  Assimilator  
  54  6:50  Warp Prism (Chrono Boost)  
  54  6:51  Assimilator  
  56  6:56  Sentry  
  56  7:00  Probe (Chrono Boost)  
  60  7:04  Probe (Chrono Boost)  
  57  7:10  Probe (Chrono Boost)  
  57  7:11  Probe (Chrono Boost)  
  59  7:16  Gravitic Drive  
  59  7:22  Probe  
  64  7:26  Adept x2, Disruptor x2 (Chrono Boost)  
  60  7:48  Disruptor  
  60  7:50  Pylon  
  60  7:51  Pylon  
  56  8:10  Adept x2  
  56  8:11  Adept  
  55  8:15  Phoenix  
  51  8:25  Probe  
  48  8:33  Adept x2  
  48  8:34  Adept  
Show
View Real Time Build Order
Export as new Build Order

Bobby Terran - Winner!

Build Orders: 1/1/1, MMM Bio, Widow Mine Drop 

Get SALT Encoding   

  12  0:00  SCV  
  13  0:13  SCV  
  14  0:18  Supply Depot  
  14  0:25  SCV  
  14  0:28  Refinery  
  15  0:40  SCV  
  16  0:45  Barracks  
  16  0:52  SCV  
  17  1:04  SCV  
  18  1:16  SCV  
  19  1:32  Marine, Orbital Command  
  20  1:33  Factory  
  20  1:44  Supply Depot  
  20  1:50  Marine  
  21  1:59  SCV  
  22  2:07  Supply Depot  
  22  2:08  Marine  
  23  2:11  SCV  
  24  2:16  Widow Mine  
  24  2:20  Starport  
  26  2:23  SCV  
  26  2:25  Marine  
  28  2:35  SCV  
  29  2:43  Marine  
  30  2:46  Hellion  
  30  2:47  SCV  
  33  2:53  Supply Depot  
  33  2:57  Medivac  
  35  2:59  SCV  
  35  3:03  Marine  
  37  3:07  Hellion  
  39  3:14  SCV  
  40  3:22  Command Center, Barracks Reactor  
  40  3:26  Refinery  
  40  3:29  Supply Depot  
  40  3:33  Widow Mine  
  40  3:38  SCV  
  42  3:50  SCV  
  43  3:56  Barracks  
  43  3:58  Barracks  
  43  4:02  SCV  
  44  4:03  Marine x2, Starport Tech Lab  
  44  4:04  Factory Tech Lab  
  44  4:14  SCV  
  42  4:26  SCV, Marine  
  42  4:27  Marine  
  45  4:35  Orbital Command  
  45  4:37  Engineering Bay  
  45  4:38  SCV  
  45  4:43  Medivac  
  45  4:44  Marine  
  45  4:45  Marine  
  49  4:51  SCV  
  47  4:56  Marine  
  47  4:57  Orbital Command  
  42  5:03  SCV, Marine  
  41  5:14  Stimpack  
  41  5:15  SCV, Starport Reactor  
  41  5:21  Marine x4  
  44  5:27  SCV  
  44  5:28  SCV  
  45  5:47  SCV x2  
  47  5:53  Marine x3  
  50  6:02  Terran Infantry Weapons Level 1  
  50  6:03  Supply Depot, Medivac x2  
  54  6:09  SCV x2  
  54  6:11  Missile Turret  
  54  6:13  Marine  
  54  6:14  Combat Shields, Marine x3  
  58  6:21  Refinery  
  58  6:25  Supply Depot x2  
  58  6:28  SCV x2  
  58  6:31  Marine x3  
  58  6:32  Marine  
  64  6:40  SCV, Missile Turret  
  64  6:41  SCV  
  64  6:42  Medivac  
  64  6:43  Medivac  
  70  6:49  Marine x4  
  70  6:53  SCV  
  75  6:58  Supply Depot  
  75  7:00  Supply Depot  
  75  7:02  SCV  
  75  7:05  SCV  
  75  7:07  Marine  
  78  7:12  Marauder x2, Marine  
  78  7:14  SCV  
  84  7:17  SCV  
  84  7:20  Medivac x2  
  89  7:25  Marine  
  89  7:28  SCV  
  89  7:29  SCV  
  91  7:34  Marine  
  91  7:35  Marauder  
  91  7:36  Marauder  
  95  7:42  Marine  
  97  7:49  Supply Depot  
  95  7:52  Supply Depot, Barracks  
  95  7:57  Refinery  
  94  7:58  Barracks  
  94  8:03  Marauder x2, Marine  
  94  8:05  SCV x2  
  94  8:13  Marine  
  94  8:18  SCV x2  
  95  8:21  Marine  

Tags
 
Add a new tag
Caveats
  • Supply blocks, unpowered buildings, or Contaminate may cause inaccurate times.
  • Supply counts are checked every 10 seconds.